 Dungeon Crawl Stone Soup version 0.29.1-2-gbd0b4ee654 (webtiles) character file.

Game seed: 10300359475269066142

1505 safid the Skirmisher (level 8, -2/74 HPs)
             Began as a Minotaur Hunter on Nov 7, 2022.
             Was an Initiate of Okawaru.
             Slain by a gnoll
             ... wielding a +0 flail
             ... led by a gnoll bouda
              (3 damage)
             ... on level 6 of the Dungeon.
             The game lasted 00:12:59 (5814 turns).

safid the Skirmisher (Minotaur Hunter)              Turns: 5814, Time: 00:13:00

Health: -2/74      AC:  5    Str: 16    XL:     8   Next: 52%
Magic:  7/7        EV: 12    Int:  6    God:    Okawaru [......]
Gold:   150        SH:  0    Dex: 16    Spells: 7/7 levels left

rFire   . . .      SeeInvis .   q - +0 arbalest (flame)
rCold   . . .      Faith    .   (shield currently unavailable)
rNeg    . . .      Spirit   .   c - +0 leather armour
rPois   .          Reflect  .   (helmet restricted)
rElec   .          Harm     .   a - +0 cloak
rCorr   .          Rampage  .   w - +0 pair of gloves
Will    +....                   (no boots)
Stlth   +.........              (no amulet)
HPRegen 0.22/turn               e - ring of willpower
MPRegen 0.10/turn               (no ring)

@: no status effects
A: horns 2, retaliatory headbutt
a: Renounce Religion


You were on level 6 of the Dungeon.
You worshipped Okawaru.
Okawaru was noncommittal.
You visited 2 branches of the dungeon, and saw 7 of its levels.
You also visited: Ossuary.

You collected 291 gold pieces.
You spent 141 gold pieces at shops.

Inventory:

Hand Weapons
 q - a +0 arbalest of flaming (weapon)
Armour
 a - a +0 cloak (worn)
 c - a +0 leather armour (worn)
 w - a +0 pair of gloves (worn)
Jewellery
 e - a ring of willpower (left hand)
Scrolls
 f - 3 scrolls of teleportation
 k - 6 scrolls of magic mapping
 l - a scroll of fog
 n - a scroll of enchant weapon
Potions
 g - 5 potions of curing
 h - 3 potions of lignification
 j - 2 potions of haste
 m - a potion of cancellation {unknown}
 o - a potion of mutation {unknown}
 p - 5 potions of heal wounds
 r - 3 potions of might
 s - 2 potions of brilliance {unknown}
 t - a potion of flight {unknown}
 u - 2 potions of resistance {unknown}


   Skills:
 - Level 8.0 Fighting
 + Level 10.4 Ranged Weapons
 - Level 2.1 Dodging
 - Level 0.7 Stealth


You had 7 spell levels left.
You didn't know any spells.
Your spell library contained the following spells:

 Spells                   Type           Power      Damage    Failure   Level
 Beastly Appendage        Tmut           0%         N/A       52%         1
 Slow                     Hex            0%         N/A       52%         1
 Wereblood                Tmut           0%         N/A       67%         2
 Confusing Touch          Hex            0%         N/A       88%         3
 Ozocubu's Armour         Ice            0%         N/A       88%         3
 Spider Form              Tmut/Pois      0%         N/A       88%         3
 Vampiric Draining        Necr           0%         2d6       88%         3
 Metabolic Englaciation   Hex/Ice        0%         N/A       100%        5
 Simulacrum               Ice/Necr       Unusable   N/A       N/A         6

Dungeon Overview and Level Annotations

Branches:
Dungeon (6/15)             Temple (1/1) D:5         Ossuary (visited)

Altars:
Ashenzari
Cheibriados
Dithmenos
Fedhas
Gozag
Hepliaklqana
Okawaru
Ru
Trog
Uskayaw
Wu Jian
Xom
Yredelemnul
Zin
The Shining One

Shops:
D:2 (

Annotations:
D:2 1 runed translucent door, Crazy Yiuf
D:3 2 runed translucent doors, BuzzyBeetle's ghost, amateur DrCj


Innate Abilities, Weirdness & Mutations

You have a pair of horns on your head.
You reflexively headbutt those who attack you in melee.


Message History

Fire: q) +0 arbalest (flame)
Press: ? - help, Q - select action Shift-Dir - straight line, f - gnoll
Aim: a gnoll, wielding a +0 spear (covering ground quickly, 69% to hit)
You shoot a bolt. The bolt hits the gnoll!
The bolt burns the gnoll.
You kill the gnoll!
Okawaru accepts your kill. The gnoll misses you.
Fire: q) +0 arbalest (flame)
Press: ? - help, Q - select action Shift-Dir - straight line, f - gnoll
Aim: a gnoll, wielding a +0 spear (covering ground quickly, 69% to hit)
You shoot a bolt. The bolt hits the gnoll!
The bolt burns the gnoll.
The gnoll is almost dead.
The gnoll hits you from afar with a +0 spear.
Fire: q) +0 arbalest (flame)
Press: ? - help, Q - select action Shift-Dir - straight line, f/p - gnoll
Aim: a gnoll, wielding a +0 spear (almost dead, covering ground quickly, 69% to hit)
You shoot a bolt. The bolt hits the gnoll!
The bolt burns the gnoll.
You kill the gnoll!
Okawaru accepts your kill.
Fire: q) +0 arbalest (flame)
Press: ? - help, Q - select action Shift-Dir - straight line, f - gnoll
Aim: a gnoll, wielding a +0 flail (covering ground quickly, 69% to hit)
You shoot a bolt. The bolt hits the gnoll!
The bolt burns the gnoll.
The gnoll is almost dead.
The gnoll hits you with a +0 flail. x2
* * * LOW HITPOINT WARNING * * *
Fire: q) +0 arbalest (flame)
Press: ? - help, Q - select action Shift-Dir - straight line, f/p - gnoll
Aim: a gnoll, wielding a +0 flail (almost dead, covering ground quickly, 69% to hit)
You shoot a bolt. The bolt closely misses the gnoll.
The gnoll hits you with a +0 flail!
* * * LOW HITPOINT WARNING * * *
The gnoll is no longer moving quickly.
The gnoll attacks as you move away! The gnoll barely misses you.
You furiously retaliate!
You headbutt the gnoll, but do no damage.
The gnoll attacks as you move away! The gnoll hits you with a +0 flail!
* * * LOW HITPOINT WARNING * * *
The gnoll attacks as you move away! The gnoll hits you with a +0 flail.
You die...

#.##)# #.##.#
#######.##.########
#.......##.#.......
###......O#..........
...........O.....)...
###.......##.#....g..
#(.......g.#....... #.#
...#.##'####@##.##### ##.#
##.#.##.##.......... ...
#.#.##.##...#...##########.#
#.#.##.###.##.#.##..........
#......# .. ####.##.......
#......##.. #.............
#.....###.. #.##.##.......
#....## ... ####.##.......
#...## #.##.......


You could see an ogre and a gnoll.

Vanquished Creatures
  Menkaure (Ossuary)
  A sky beast (D:6)
  3 black bears
  2 ogres
  A phantom (D:5)
  A centaur (D:5)
  3 hounds
  A jelly (D:5)
  A gnoll bouda (D:6)
  2 orc priests (D:5)
  4 iguanas
  3 mummies (Ossuary)
  9 adders
  11 gnolls
  A shadow imp (D:5)
  6 worms
  2 dart slugs
  15 orcs
  5 ball pythons
  5 bats
  4 endoplasms
  2 giant cockroaches
  3 gnoll zombies (Ossuary)
  5 goblins
  8 hobgoblins
  3 jackals (D:1)
  A quokka (D:4)
  3 frilled lizards (D:1)
  5 gnoll skeletons (Ossuary)
  2 goblin skeletons (Ossuary)
  2 goblin zombies (Ossuary)
  4 hobgoblin skeletons (Ossuary)
  4 hobgoblin zombies (Ossuary)
  6 kobolds
  4 kobold skeletons (Ossuary)
  5 kobold zombies (Ossuary)
  7 orc skeletons (Ossuary)
  3 orc zombies (Ossuary)
  23 rats
  3 rat skeletons (Ossuary)
  8 rat zombies (Ossuary)
182 creatures vanquished.

Notes
Turn   | Place    | Note
-------+----------+-------------------------------------------
     0 | D:1      | safid the Minotaur Hunter began the quest for the Orb.
     0 | D:1      | Reached XP level 1. HP: 18/18 MP: 0/0
   111 | D:1      | Reached XP level 2. HP: 25/25 MP: 1/1
   554 | D:2      | Reached skill level 5 in Ranged Weapons
   554 | D:2      | Reached XP level 3. HP: 28/31 MP: 2/2
   902 | D:2      | Found a runed translucent door.
   903 | D:2      | Noticed Crazy Yiuf
  1020 | D:2      | Found a faded altar of an unknown god.
  1219 | D:2      | Found Pefuchiph's Weapon Emporium.
  1229 | D:2      | Reached XP level 4. HP: 36/40 MP: 3/3
  1692 | D:2      | Bought a +0 arbalest of flaming for 141 gold pieces
  2274 | D:3      | Found a large runed translucent door.
  2274 | D:3      | Found a large runed translucent door.
  2277 | D:3      | Noticed BuzzyBeetle's ghost (amateur DrCj)
  2589 | D:4      | Noticed a black bear
  2596 | D:4      | Killed a black bear
  2597 | D:4      | Reached skill level 5 in Fighting
  2597 | D:4      | Reached skill level 6 in Ranged Weapons
  2597 | D:4      | Reached XP level 5. HP: 11/48 MP: 4/4
  2659 | D:4      | Found a sand-covered staircase.
  2668 | Ossuary  | Entered an ossuary
  3097 | Ossuary  | Reached XP level 6. HP: 56/56 MP: 5/5
  3133 | Ossuary  | Noticed Menkaure
  3138 | Ossuary  | Killed Menkaure
  3544 | Ossuary  | Reached skill level 7 in Ranged Weapons
  3764 | D:4      | Found an ornate altar of the Wu Jian Council.
  3841 | D:4      | Reached XP level 7. HP: 45/64 MP: 6/6
  4247 | D:5      | Entered Level 5 of the Dungeon
  4502 | D:5      | Reached skill level 8 in Ranged Weapons
  5113 | D:5      | Reached XP level 8. HP: 74/74 MP: 7/7
  5204 | D:5      | Reached skill level 9 in Ranged Weapons
  5380 | D:5      | Found a staircase to the Ecumenical Temple.
  5390 | Temple   | Entered the Ecumenical Temple
  5518 | Temple   | Became a worshipper of Warmaster Okawaru
  5687 | D:6      | Reached skill level 10 in Ranged Weapons
  5813 | D:6      | HP: 1/74 [gnoll/+0 flail[a gnoll bouda] (9)]
  5814 | D:6      | Slain by a gnoll

Illustrated notes

Levels and vault maps discovered:
D:1:      evilmike_arrival_home_sweet_home, layout_rooms, minmay_misc_feat_five
D:2:      layout_loops_corners, serial_shops, nicolae_shop_bloodbath_and_beyond,
          shapermc_ecumenical_altar_hornbeckon, uniq_crazy_yiuf_cottage
D:3:      layout_basic, ebering_ghost_disaster_area
D:4:      nicolae_cairo_tiling, layout_loops_ring, lemuel_round_altar,
          nicolae_ossuary_entry_monument, minmay_crystal_room, minmay_rat_hole
D:5:      layout_gridville, minmay_temple_entry_nine_rooms, patterned_corridor
D:6:      layout_basic, tgw_sif, general_overflow_altar,
          minmay_misc_feat_secret_circle
Temple:   nicolae_temple_two_arcs

Skill      XL: |  1  2  3  4  5  6  7  8 |
---------------+-------------------------+-----
Fighting       | 3 4 5 6 8 |  8.0
Ranged Weapons | 5 6 7 8 10 | 10.4
Dodging        | |  2.1
Stealth        | |  0.7

Action                   |  1- 3 |  4- 6 |  7- 9 || total
-------------------------+-------+-------+-------++-------
 Fire: Shortbow          |    84 |    21 |       ||   105
       Arbalest          |       |   157 |   100 ||   257
  Use: Scroll            |       |       |    12 ||    12
Armor: Leather armour    |     4 |    10 |    11 ||    25
Dodge: Dodged            |    19 |    27 |    27 ||    73
